 Dungeon Crawl Stone Soup version 0.19.4-9-g45fd643 (webtiles) character file.

5849 vatarom the Transmogrifier (level 10, -1/58 HPs)
             Began as a Felid Transmuter on Feb 15, 2017.
             Succumbed to a black mamba's poison
             ... on level 1 of the Lair of Beasts.
             The game lasted 00:47:08 (18614 turns).

vatarom the Transmogrifier (Felid Transmuter)      Turns: 18614, Time: 00:47:08

Health: -1/58      AC:  2    Str:  9    XL:     10   Next: 51%
Magic:  22/22      EV: 32    Int: 15    God:
Gold:   609        SH:  3    Dex: 34    Spells: 6 memorised, 6 levels left
                                        Lives:  0   Deaths: 3

rFire  . . .     SeeInvis +       - Unarmed
rCold  . . .     Gourm    .     (armour unavailable)
rNeg   . . .     Faith    .     (shield unavailable)
rPois  x         Spirit   .     (helmet unavailable)
rElec  .         Reflect  +     (cloak unavailable)
rCorr  .         Harm     .     (gloves unavailable)
MR     +....                    (boots unavailable)
Stlth  ++++......               t - +3 amulet of reflection
                                B - +6 ring of dexterity
                                E - +6 ring of dexterity

@: lethally poisoned (-1 -> -27), spider-form
A: no armour, no weapons or thrown items, stealth, (antennae 0), (claws 0),
(fangs 0), (icy blue scales 0), see invisible, carnivore 3, (fire resistance 0),
(speed 0), robust 2, (shaggy fur 0), slow metabolism 1, (sharp paws)
a: End Transformation


You were on level 1 of the Lair of Beasts.
You were completely stuffed.
You were a venomous arachnid creature.
You visited 3 branches of the dungeon, and saw 13 of its levels.

You collected 609 gold pieces.

Inventory:

Missiles
 a - 114 arrows
Jewellery
 l - an uncursed ring of protection from fire
 t - a +3 amulet of reflection (around neck)
 x - an uncursed ring of protection from fire
 z - an uncursed ring of ice
 B - a +6 ring of dexterity (right front leg)
 C - an uncursed ring of stealth
 E - a +6 ring of dexterity (left front leg)
Wands
 e - a wand of confusion (33/48)
 i - a wand of flame (21/48)
 j - a wand of digging (4/24)
 o - a wand of disintegration (18/24)
 r - a wand of slowing (26/48)
 s - a wand of lightning (7/15)
 v - a wand of slowing (34/48)
Scrolls
 d - a scroll of recharging
 f - 6 scrolls of remove curse
 h - 2 scrolls of magic mapping
 q - 5 scrolls of identify
 w - a scroll of teleportation
Potions
 g - a potion of magic
 k - 2 potions of lignification
 n - a potion of flight
 p - 3 potions of agility
Books
 b - a book of Changes

   Spells                             Type                      Level
   a - Beastly Appendage              Transmutation                1
   b - Sticks to Snakes               Transmutation                2
   c - Spider Form                    Transmutation/Poison         3
   d - Ice Form                       Ice/Transmutation            4
   e - Blade Hands                    Transmutation                5
 D - a book of Geomancy

   Spells                             Type                      Level
   a - Sandblast                      Earth                        1
   b - Passwall                       Transmutation/Earth          2
   c - Stone Arrow                    Conjuration/Earth            3
   d - Petrify                        Transmutation/Earth          4
   e - Lee's Rapid Deconstruction     Earth                        5
Comestibles
 c - 9 meat rations
 m - 2 slices of pizza
 u - a beef jerky
 A - 4 chunks of flesh


   Skills:
 + Level 9.1 Fighting
 - Level 7.7 Dodging
 - Level 6.2 Stealth
 - Level 7.0 Unarmed Combat
 * Level 7.5 Spellcasting
 - Level 10.6 Transmutations
 - Level 3.0 Ice Magic


You had 6 spell levels left.
You knew the following spells:

 Your Spells              Type           Power        Failure   Level  Hunger
a - Beastly Appendage     Tmut           #####.       2%          1    None
b - Sticks to Snakes      Tmut           #####...     3%          2    None
c - Spider Form           Tmut/Pois      ###.......   14%         3    ##.....
d - Ice Form              Ice/Tmut       ####....     24%         4    ####...
e - Blade Hands           Tmut           #####.....   17%         5    #####..
f - Ozocubu's Armour      Chrm/Ice       ##......     45%         3    ##.....


Dungeon Overview and Level Annotations

Branches:
Dungeon (11/15)            Temple (1/1) D:6            Lair (1/6) D:11
    Orc (0/2) D:10

Altars:
Ashenzari
Cheibriados
Dithmenos
Elyvilon
Fedhas
Gozag
Hepliaklqana
Kikubaaqudgha
Makhleb
Nemelex Xobeh
Okawaru
Qazlal
Ru
Sif Muna
Trog
Uskayaw
Vehumet
Xom
Yredelemnul
Zin
The Shining One

Shops:
D:5 (

Annotations:
D:3 Paps's ghost, amateur TrFi
D:6 1 runed door
D:7 appiemonkey's ghost, novice MiFi
D:11 exclusion: 2 oklob plants


Innate Abilities, Weirdness & Mutations

You cannot wear armour.
You are incapable of wielding weapons or throwing items.
Your paws allow you to move quietly. (Stealth)
((You have sharp claws.))
((You have razor-sharp teeth.))
You have supernaturally acute eyesight. (SInv)
You are carnivorous and can eat meat at any time.
((You cover ground quickly.))
((You are covered in thick fur. (AC +2)))
You have a slow metabolism.
((Your sharp claws are effective at attacking unaware monsters.))
((You have a pair of small antennae on your head.))
((You are partially covered in icy blue scales. (AC +2)))
((Your flesh is heat resistant. (rF+)))
You are very robust. (+20% HP)


Message History

The black mamba completely misses you. The black mamba misses you.
You block the black mamba's attack.
Found a stone staircase leading down.
The black mamba completely misses you.
An elephant comes into view.
The black mamba barely misses you. The black mamba barely misses you.
Found a long sword.
An elephant comes into view.
The black mamba barely misses you.
Found 3 potions of mutation.
The black mamba closely misses you. The black mamba completely misses you.
There is a stone staircase leading down here.
The komodo dragon looks more healthy.
The black mamba bites you!
* * * LOW HITPOINT WARNING * * *
You are lethally poisoned!
The black mamba poisons you!
You die...

##......[.................##
##..........................#
##....#P#####....##.#####....##
##....#### ##...#### #.......
##.....# #...# ####....
#....### #...## ##... ....##
#.)..# ##.. ...## #...##### ##.
..## #s....Y.# ## .##
##...Y.... # ## ###.Sl.#.... #
###......+...⌠ #........#....
.....##....#.# ...###....#.###.
!## #P......... ##.........


You could see 2 elephants, a komodo dragon and a black mamba.

Vanquished Creatures
  A centaur zombie (D:11)
  Joseph (Lair:1)
  A black mamba (Lair:1)
  A gargoyle (D:10)
  2 two-headed ogres
  A hornet (D:9)
  A hippogriff (D:9)
  Sigmund (D:6)
  A spriggan (D:9)
  A wyvern (D:9)
  15 yaks
  2 vampire mosquitoes (Lair:1)
  3 porcupines (Lair:1)
  An ice beast (D:9)
  3 orc warriors
  2 black bears (D:6)
  3 phantoms
  A hornet zombie (D:8)
  7 centaurs
  A necrophage (D:10)
  7 ogres
  2 wolves (Lair:1)
  2 crocodiles
  3 big kobolds
  9 bullfrogs
  A wyvern zombie (D:11)
  A scorpion (D:10)
  8 wights
  4 howler monkeys (D:6)
  7 crimson imps
  6 hounds
  5 jellies
  14 orc priests
  2 centaur skeletons (D:9)
  A bullfrog skeleton (D:5)
  4 iguanas
  Natasha (twice) (D:4)
  10 orc wizards
  12 worker ants
  Robin (D:4)
  A howler monkey skeleton (D:11)
  8 adders
  4 shadow imps
  3 oozes
  An adder zombie (D:6)
  5 adder skeletons
  3 worms
  2 dart slugs
  6 leopard geckos
  38 orcs
  A ball python (D:8)
  4 giant cockroaches
  11 goblins
  9 hobgoblins
  14 jackals
  4 quokkas
  9 bats
  8 frilled lizards
  A jackal skeleton (D:8)
  17 kobolds
  4 quokka skeletons
  4 rats
  A plant (D:11)
308 creatures vanquished.

Vanquished Creatures (collateral kills)
  2 yaks
  An orc warrior (D:9)
  An ogre (D:7)
  2 bullfrogs
  2 orc priests
  2 orc wizards
  Natasha (D:4)
  A worker ant (D:4)
  An adder (D:3)
  A worm (D:3)
  A dart slug (D:1)
  A leopard gecko (D:2)
  7 orcs
  A giant cockroach (D:7)
  4 goblins
  3 hobgoblins
  2 jackals
  A frilled lizard (D:3)
  A kobold (D:10)
35 creatures vanquished.

Vanquished Creatures (others)
  A fungus (D:11)
1 creature vanquished.

Grand Total: 344 creatures vanquished

Notes
Turn   | Place    | Note
-------+----------+-------------------------------------------
     0 | D:1      | vatarom the Felid Transmuter began the quest for the Orb.
     0 | D:1      | Reached XP level 1. HP: 9/9 MP: 4/4
   379 | D:1      | Reached XP level 2. HP: 8/12 MP: 4/6
   386 | D:1      | Learned a level 2 spell: Sticks to Snakes
   984 | D:2      | Reached XP level 3. HP: 15/15 MP: 2/7
  1007 | D:2      | Learned a level 3 spell: Spider Form
  1145 | D:2      | Reached skill level 3 in Transmutations
  1665 | D:3      | Reached XP level 4. HP: 16/19 MP: 5/8
  1942 | D:3      | Noticed Paps's ghost (amateur TrFi)
  2703 | D:3      | Reached XP level 5. HP: 21/24 MP: 9/9
  3140 | D:3      | Reached skill level 4 in Transmutations
  3203 | D:4      | Noticed Natasha
  3212 | D:4      | Killed Natasha
  3668 | D:4      | Noticed Natasha
  3687 | D:4      | Killed Natasha
  3687 | D:4      | Gained mutation: You are covered in thick fur. (AC +2) [Felid growth]
  3687 | D:4      | Reached XP level 6. HP: 13/27 MP: 3/10
  3958 | D:4      | Reached skill level 5 in Dodging
  4050 | D:4      | Noticed Robin
  4085 | D:4      | Killed Robin
  4307 | D:4      | Noticed Natasha
  4325 | D:4      | Killed Natasha
  4582 | D:5      | Entered Level 5 of the Dungeon
  5098 | D:5      | Reached XP level 7. HP: 18/31 MP: 5/11
  5369 | D:5      | Reached skill level 5 in Transmutations
  5548 | D:5      | Found Pusikle's Antique Weapon Boutique.
  5559 | D:5      | Found a bloodstained altar of Trog.
  5792 | D:5      | Reached skill level 6 in Transmutations
  6024 | D:5      | Learned a level 4 spell: Ice Form
  6153 | D:6      | Found a staircase to the Ecumenical Temple.
  6214 | D:6      | HP: 1/31 [orc priest/divine providence (14)]
  6560 | Temple   | Entered the Ecumenical Temple
  6808 | D:6      | Found a runed door.
  6995 | D:6      | Reached skill level 7 in Transmutations
  7075 | D:6      | Reached XP level 8. HP: 34/36 MP: 12/12
  7141 | D:6      | Noticed Sigmund
  7182 | D:6      | Reached skill level 5 in Unarmed Combat
  7188 | D:6      | Killed Sigmund
  7793 | D:6      | Found an iron altar of Okawaru.
  8101 | D:7      | Noticed appiemonkey's ghost (novice MiFi)
  8315 | D:7      | Shot with an arrow by a centaur
  8316 | D:7      | Reached XP level 7. HP: -1/32 MP: 4/12
  8561 | D:7      | Reached XP level 8. HP: 20/36 MP: 14/14
  8868 | D:6      | Reached skill level 5 in Fighting
 11038 | D:7      | Reached XP level 9. HP: 24/42 MP: 9/17
 11420 | D:6      | Reached skill level 5 in Spellcasting
 12544 | D:8      | Learned a level 5 spell: Blade Hands
 12843 | D:9      | Reached skill level 8 in Transmutations
 13294 | D:9      | Reached XP level 10. HP: 25/47 MP: 15/20
 13473 | D:9      | Reached skill level 9 in Transmutations
 14162 | D:9      | Learned a level 3 spell: Ozocubu's Armour
 14332 | D:9      | Slain by an orc warrior
 14333 | D:9      | Reached XP level 9. HP: -3/51 MP: 18/19
 14468 | D:9      | Reached skill level 1 in Ice Magic
 14567 | D:10     | Entered Level 10 of the Dungeon
 14766 | D:10     | Found a staircase to the Orcish Mines.
 15962 | D:10     | Reached skill level 10 in Transmutations
 15962 | D:10     | Reached XP level 10. HP: 28/47 MP: 16/21
 16185 | D:10     | Noticed a gargoyle
 16504 | D:10     | Killed a gargoyle
 16733 | D:11     | Killed from afar by an orc wizard
 16734 | D:11     | Reached XP level 9. HP: 0/43 MP: 20/20
 16735 | D:11     | Found a staircase to the Lair.
 17301 | D:11     | Found a blossoming altar of Fedhas.
 17304 | D:11     | Noticed an oklob plant
 17304 | D:11     | Noticed an oklob plant
 17727 | Lair:1   | Entered Level 1 of the Lair of Beasts
 17762 | Lair:1   | Gained mutation: Your flesh is heat resistant. (rF+) [potion of mutation]
 17762 | Lair:1   | Gained mutation: You are robust. (+10% HP) [potion of mutation]
 17762 | Lair:1   | Gained mutation: You evolve. [potion of mutation]
 18027 | Lair:1   | Gained mutation: You are partially covered in icy blue scales. (AC +2) [potion of mutation]
 18027 | Lair:1   | Gained mutation: Your mind is acute. (Int +2) [potion of mutation]
 18027 | Lair:1   | Gained mutation: Your muscles are strong. (Str +2) [potion of mutation]
 18028 | Lair:1   | Gained mutation: You have an increased reservoir of magic. (+10% MP) [potion of mutation]
 18028 | Lair:1   | Gained mutation: You have a pair of small antennae on your head. [potion of mutation]
 18060 | Lair:1   | Noticed Joseph
 18074 | Lair:1   | Killed Joseph
 18162 | Lair:1   | Reached XP level 10. HP: 48/53 MP: 19/23
 18177 | Lair:1   | Reached skill level 5 in Stealth
 18309 | Lair:1   | Noticed a black mamba
 18329 | Lair:1   | Killed a black mamba
 18494 | Lair:1   | Gained mutation: You are very robust. (+20% HP) [evolution]
 18494 | Lair:1   | Lost mutation: You evolve. [end of evolution]
 18592 | Lair:1   | Lost mutation: Your mind is acute. (Int +2) [potion of cure mutation]
 18592 | Lair:1   | Lost mutation: You have an increased reservoir of magic. (+10% MP) [potion of cure mutation]
 18592 | Lair:1   | Lost mutation: Your muscles are strong. (Str +2) [potion of cure mutation]
 18598 | Lair:1   | Noticed an elephant
 18600 | Lair:1   | Noticed an elephant
 18602 | Lair:1   | Noticed a black mamba
 18607 | Lair:1   | Noticed an elephant
 18610 | Lair:1   | Noticed an elephant
 18613 | Lair:1   | HP: 2/58 [black mamba (10)]
 18614 | Lair:1   | Succumbed to a black mamba's poison

Skill      XL: |  1  2  3  4  5  6  7  8  9 10 |
---------------+-------------------------------+-----
Transmutations | 3 4 7 10 9 | 10.6
Fighting       | 2 3 4 6 8 9 |  9.1
Unarmed Combat | 4 7 6 |  7.0
Dodging        | 4 5 7 |  7.7
Spellcasting   | 4 6 7 |  7.5
Ice Magic      | 3 |  3.0
Stealth        | 4 6 |  6.2

Action                   |  1- 3 |  4- 6 |  7- 9 | 10-12 || total
-------------------------+-------+-------+-------+-------++-------
Melee: Unarmed           |    77 |   195 |   721 |   147 ||  1140
       Headbutt          |     4 |       |     2 |       ||     6
       Bite              |     7 |    13 |    22 |     3 ||    45
       Punch             |       |     4 |     8 |     2 ||    14
 Cast: Beastly Appendage |    11 |     4 |     3 |       ||    18
       Sticks to Snakes  |     7 |    37 |    51 |    13 ||   108
       Spider Form       |     1 |     8 |    48 |     2 ||    59
       Ice Form          |       |       |    18 |    11 ||    29
       Blade Hands       |       |       |     5 |       ||     5
       Ozocubu's Armour  |       |       |     2 |       ||     2
 Abil: End Transformatio |       |       |     1 |       ||     1
Evoke: Wand              |       |       |     2 |       ||     2
  Use: Scroll            |     8 |     2 |     6 |     5 ||    21
       Potion            |     4 |     2 |     6 |     3 ||    15
 Stab: Sleeping          |     3 |     5 |     5 |       ||    13
       Distracted        |     1 |       |     3 |     2 ||     6
  Eat: Chunk             |    10 |    10 |    51 |     6 ||    77
Armor: Skin              |     3 |     7 |    46 |    14 ||    70
Dodge: Dodged            |    74 |   159 |   596 |   106 ||   935
Block: Other             |       |       |     5 |     6 ||    11
